 Dungeon Crawl Stone Soup version 0.29.1-15-g9cfb28693d (webtiles) character file.

Game seed: 6394264166246934792

97756 Farfigtubin the Severer (level 16, 0/151 (152) HPs)
             Began as a Hill Orc Fighter on Mar 3, 2023.
             Was the Champion of Beogh.
             Succumbed to poison (poison gas)
             ... on level 4 of the Swamp on Mar 6, 2023.
             The game lasted 04:26:16 (29126 turns).

Farfigtubin the Severer (Hill Orc Fighter)         Turns: 29126, Time: 04:26:18

HP:   0/151 (152)   AC: 33    Str: 27    XL:     16   Next: 20%
MP:   20/26         EV:  6    Int:  8    God:    Beogh [******]
Gold: 2141          SH: 23    Dex: 10    Spells: 15/15 levels left

rFire   . . .      SeeInvis +   R - +4 broad axe
rCold   + . .      Faith    .   w - +0 tower shield
rNeg    + . .      Spirit   .   I - +8 plate armour {ponderous}
rPois   .          Reflect  +   M - +0 helmet
rElec   +          Harm     .   (no cloak)
rCorr   .          Rampage  .   (no gloves)
Will    +....      Clarity  +   E - +0 pair of boots
Stlth   ..........              m - amulet of reflection
HPRegen 0.35/turn               X - ring "Dumucruo" {rElec rC+ rN+ AC+4 Stlth+}
MPRegen 0.20/turn               x - ring of see invisible

@: lethally poisoned (0 -> -29), studying Armour, lightly drained, slow
A: walk on water, clarity
a: Renounce Religion, Smiting, Recall Orcish Followers, Give Item to Named
Follower, Resurrection


You were on level 4 of the Swamp.
You worshipped Beogh.
Beogh was exalted by your worship.
You visited 5 branches of the dungeon, and saw 27 of its levels.
You also visited: Gauntlet and Volcano.

You collected 2546 gold pieces.
You spent 405 gold pieces at shops.

Inventory:

Hand Weapons
 R - a +4 broad axe (weapon)
Missiles
 d - 10 javelins
 e - 27 poisoned darts (quivered)
 n - 2 boomerangs
 L - 2 boomerangs of dispersal
 P - 2 curare-tipped darts
 Z - 5 silver javelins
Armour
 q - the +3 Mad Mage's Maulers {Infuse+∞ RegenMP Int-3}
   (You found it on level 4 of the Lair of Beasts)

   It empowers its wearer's blows with all of their magic.
   It causes its wearer's magical reserves to regenerate more quickly.
   Int:       It affects your intelligence (-3).
 w - a +0 tower shield (worn)
 E - a +0 pair of boots (worn)
 I - a +8 plate armour of ponderousness (worn)
 M - a +0 helmet (worn)
Jewellery
 a - a ring of protection from fire
 m - an amulet of reflection (around neck)
 p - a ring of willpower
 x - a ring of see invisible (right hand)
 X - the ring "Dumucruo" (left hand) {rElec rC+ rN+ AC+4 Stlth+}
   (You found it on level 3 of the Lair of Beasts)

   [ring of protection]

   AC:        It affects your AC (+4).
   rC:        It protects you from cold.
   rElec:     It insulates you from electricity.
   rN:        It protects you from negative energy.
   Stlth:     It makes you more stealthy.
Wands
 y - a wand of digging (14)
 z - a wand of light (11)
 J - a wand of flame (22)
 K - a wand of roots (17)
 T - a wand of mindburst (4)
 U - a wand of charming (30)
Scrolls
 g - 6 scrolls of fog
 j - 18 scrolls of teleportation
 o - 6 scrolls of enchant weapon
 s - a scroll of silence {unknown}
 A - 5 scrolls of enchant armour
 C - 2 scrolls of identify
 D - 3 scrolls of amnesia {unknown}
 G - 4 scrolls of noise
 H - 6 scrolls of blinking
 N - 8 scrolls of magic mapping
 O - 2 scrolls of summoning {unknown}
 V - 5 scrolls of fear
Potions
 b - 2 potions of attraction {unknown}
 f - 4 potions of might
 h - 2 potions of berserk rage
 i - 5 potions of curing
 k - a potion of ambrosia {unknown}
 l - a potion of brilliance {unknown}
 r - 2 potions of haste
 t - 4 potions of mutation
 u - 10 potions of flight
 v - 4 potions of lignification
 B - 2 potions of heal wounds
 F - 2 potions of resistance
 S - a potion of invisibility
 W - a potion of cancellation {unknown}
Miscellaneous
 c - a piece from Xom's chessboard (15/15)
 Q - a condenser vane


   Skills:
 + Level 16.4 Fighting
 - Level 18.0 Axes
 + Level 16.5 Armour
 * Level 16.0 Shields
 + Level 13.5 Invocations


You had 15 spell levels left.
You didn't know any spells.
Your spell library contained the following spells:

 Spells                   Type           Power      Damage    Failure   Level
 Slow                     Hex            0%         N/A       100%        1
 Sublimation of Blood     Necr           0%         N/A       100%        2
 Confusing Touch          Hex            0%         N/A       100%        3
 Inner Flame              Hex/Fire       0%         N/A       100%        3
 Ozocubu's Armour         Ice            0%         N/A       100%        3
 Tukima's Dance           Hex            0%         N/A       100%        3
 Vampiric Draining        Necr           0%         2d6       100%        3
 Airstrike                Air            0%         2d(0-16)  100%        4
 Anguish                  Hex/Necr       0%         N/A       100%        4
 Cause Fear               Hex            0%         N/A       100%        4
 Corpse Rot               Necr/Pois/Air  0%         N/A       100%        4
 Dispel Undead            Necr           0%         3d6       100%        4
 Passage of Golubria      Tloc           0%         N/A       100%        4
 Petrify                  Tmut/Erth      0%         N/A       100%        4
 Summon Lightning Spire   Summ/Air       0%         N/A       100%        4
 Freezing Cloud           Conj/Ice/Air   0%         6-21      100%        5
 Irradiate                Conj/Tmut      0%         3d11      100%        5
 Lightning Bolt           Conj/Air       0%         1d11      100%        5
 Metabolic Englaciation   Hex/Ice        0%         N/A       100%        5
 Summon Forest            Summ/Tloc      0%         N/A       100%        5
 Summon Mana Viper        Hex/Summ       0%         N/A       100%        5
 Yara's Violent Unravell  Hex/Tmut       0%         3d3       100%        5
 Conjure Ball Lightning   Conj/Air       0%         3x3d6     100%        6
 Death Channel            Necr           0%         N/A       100%        6
 Simulacrum               Ice/Necr       0%         N/A       100%        6
 Summon Cactus Giant      Summ           0%         N/A       100%        6
 Dragon Form              Tmut           0%         N/A       100%        7
 Enfeeble                 Hex            0%         N/A       100%        7
 Storm Form               Tmut/Air       0%         N/A       100%        7
 Discord                  Hex            0%         N/A       100%        8
 Disjunction              Tloc           0%         N/A       100%        8
 Maxwell's Capacitive Co  Air            0%         ∞         100%        8
 Dragon's Call            Summ           0%         N/A       100%        9
 Polar Vortex             Ice            0%         N/A       100%        9


Dungeon Overview and Level Annotations

Branches:
Dungeon (15/15)            Temple (1/1) D:5            Lair (5/5) D:8
  Swamp (4/4) Lair:2       Spider (0/4) Lair:2        Slime (0/5) Lair:4
    Orc (2/2) D:11            Elf (0/3) Orc:2        Vaults (0/5) D:13
 Depths (0/4) D:15        Volcano (visited)         Gauntlet (visited)

Altars:
Ashenzari
Cheibriados
Dithmenos
Elyvilon
Fedhas
Gozag
Hepliaklqana
Kikubaaqudgha
Makhleb
Nemelex Xobeh
Okawaru
Qazlal
Ru
Sif Muna
Trog
Uskayaw
Vehumet
Wu Jian
Xom
Yredelemnul
Zin
The Shining One
Beogh
Jiyva

Shops:
D:4 :   D:10 *   Orc:2 (!=(

Portals:
Trove: D:15 (give +5 demon whip)

Annotations:
D:3 3 runed translucent doors, javelincjr's ghost, amateur DjCj
Lair:5 exclusion: obsidian statue


Innate Abilities, Weirdness & Mutations

You can walk on water.
You possess an exceptional clarity of mind.


Message History

You are poisoned.
* * * LOW HITPOINT WARNING * * *
You feel very sick.
Your orc knight no longer looks unusually strong.
The swamp dragon breathes poison at you.
The blast of poison engulfs you but does no damage.
You are more poisoned.
The swamp drake breathes poison at you.
The noxious blast engulfs you but does no damage.
You are more poisoned.
Aiming: Smiting
Press: ? - help, Dir - move target, f - swamp dragon Smite: a swamp dragon (noxious fumes, severely wounded, strong, catching its breath)
You smite the swamp dragon!!
You kill the swamp dragon!
Beogh accepts your kill.
You are engulfed in poison gas.
You are lethally poisoned!
* * * LOW HITPOINT WARNING * * *
x2 You feel extremely sick.
Your orc knight looks more healthy.
The swamp drake bites you but does no damage.
You feel much better.
You are engulfed in poison gas.
You are lethally poisoned!
* * * LOW HITPOINT WARNING * * *
x2 You feel extremely sick.
Your orc sorcerer no longer looks unusually strong.
The swamp drake bites you!
* * * LOW HITPOINT WARNING * * *
You barely miss the swamp drake.
The swamp drake is almost dead.
* * * LOW HITPOINT WARNING * * *
You feel extremely sick.
Aiming: Smiting
Press: ? - help, Dir - move target, f - swamp drake Smite: a swamp drake (almost dead, strong)
You smite the swamp drake!!
You kill the swamp drake!
Beogh accepts your kill.
You die...

.♣.~~~~~†.)...♣♣
~..
♣♣......~~~..~♣♣♣
♣
♣♣♣~..~~§~.~..~♣
♣♣♣~~~~~~~~~.♣♣
♣♣~§~.......♣
♣♣~§..)~♣♣♣~♣
♣o4~.~..~♣♣♣♣
♣♣o§.~~.)~§~♣
♣♣~4~~..@)~♣
♣~♣♣♣♣♣♣♣~♣♣♣
♣~~♣ ♣≈♣.§♣ ♣♣.♣
♣≈≈≈♣~.~~♣ ♣..
♣≈≈≈≈ ♣....~.
♣~§§.≈≈≈≈≈ ~..~~~
...♣.♣≈≈≈≈ ..~~~
♣.♣♣~.♣≈≈≈ ..§~.
.~.~♣≈♣ ...~


You could see a friendly orc knight and 2 friendly red devils.

Vanquished Creatures
  Mlioglotl (Swamp:3)
  A thorn hunter (Swamp:4)
  An orc warlord (Orc:1)
  An eleionoma (Swamp:2)
  Nessos (Lair:5)
  2 dire elephants (Lair:5)
  Josephine (Lair:4)
  A boulder beetle (D:11)
  3 centaur warriors
  5 ghost crabs
  3 vault guards (D:13)
  4 hydras
  2 two-headed ogres
  4 death yaks (Lair:5)
  A spectral dire elephant (Lair:5)
  4 alligators
  An orc high priest (Orc:2)
  A fire crab (Volcano)
  2 swamp dragons
  A spriggan druid (Swamp:3)
  A lindwurm (Volcano)
  A bog body (Swamp:2)
  A deep elf pyromancer (D:15)
  2 orc knights (Orc:1)
  3 necromancers (Lair:5)
  4 ugly things
  A will-o-the-wisp (Swamp:3)
  2 cyclopes
  2 elephants (Lair:5)
  2 manticores
  Maurice (Orc:1)
  5 black mambas
  2 gargoyles
  A molten gargoyle (Volcano)
  2 unseen horrors (D:11)
  A dire elephant skeleton (Lair:5)
  2 rime drakes
  4 cane toads
  3 tengu conjurers
  2 yaktaurs (D:15)
  A kobold demonologist (D:10)
  An efreet (D:14)
  5 komodo dragons
  4 trolls
  A polar bear (shapeshifter) (D:12)
  3 tyrant leeches
  4 meliai
  A polar bear (Lair:2)
  A bloated husk (Swamp:4)
  A spectral elephant (Lair:5)
  5 slime creatures
  8 blink frogs
  5 dream sheep (Lair:5)
  A centaur simulacrum (D:15)
  2 shadows
  Sigmund (D:5)
  4 wyverns
  29 yaks
  2 spriggans (Swamp:4)
  7 fire bats (Volcano)
  5 vampire mosquitoes
  2 steam dragons
  4 basilisks
  7 wargs
  A spectral cane toad (Lair:5)
  6 swamp worms
  11 water moccasins
  4 hell hounds (Volcano)
  3 sky beasts
  7 orc warriors
  A swamp drake (Swamp:4)
  An elephant zombie (Lair:5)
  4 black bears
  5 wolves
  3 ogres
  18 centaurs
  A phantom (D:6)
  A kobold brigand (D:11)
  4 bullfrogs
  3 scorpions
  A gnoll sergeant (D:8)
  5 wights
  An elephant simulacrum (Lair:5)
  5 killer bees (D:9)
  5 howler monkeys
  3 electric eels
  5 lava snakes (Volcano)
  4 jellies
  2 hounds
  A gnoll bouda (D:6)
  12 orc priests
  5 iguanas
  16 orc wizards
  3 hell rats (Lair:3)
  Natasha (D:2)
  9 gnolls
  9 adders
  An ufetubus (D:5)
  3 worms
  2 dart slugs
  28 orcs
  2 endoplasms
  6 giant cockroaches
  13 goblins
  12 hobgoblins
  3 jackals (D:3)
  2 quokkas (D:4)
  10 ball pythons
  5 bats
  5 frilled lizards
  17 kobolds
  6 rats
461 creatures vanquished.

Vanquished Creatures (collateral kills)
  A thorn hunter (Swamp:2)
  An orc warlord (Orc:1)
  A stone giant (D:15)
  2 eleionomae
  4 bunyips
  2 dire elephants (Lair:5)
  A vault guard (D:13)
  A boulder beetle (D:13)
  A centaur warrior (D:14)
  9 hydras
  7 alligators
  A catoblepas (D:14)
  2 two-headed ogres
  2 tengu warriors
  A death yak (Lair:5)
  Urug (Lair:5)
  3 goliath frogs
  2 swamp dragons
  3 bog bodies (Lair:2)
  A spectral anaconda (Lair:5)
  2 spriggan druids
  2 deep trolls (D:15)
  2 necromancers
  3 ugly things
  2 manticores
  An orc sorcerer (Orc:1)
  3 elephants (Lair:5)
  5 black mambas
  A torpor snail (Lair:5)
  3 yaktaurs (D:15)
  Maggie (D:8)
  3 cane toads
  An unseen horror (D:12)
  A rime drake (Lair:1)
  A tengu conjurer (D:14)
  A komodo dragon (D:11)
  A troll (Orc:1)
  A polar bear (Lair:3)
  3 tyrant leeches
  4 dream sheep (Lair:5)
  3 slime creatures (D:15)
  6 blink frogs
  3 wraiths (Lair:4)
  16 yaks
  A basilisk (D:14)
  2 wyverns
  A steam dragon (D:8)
  4 vampire mosquitoes (D:11)
  9 swamp worms
  3 wargs
  4 water moccasins
  10 orc warriors
  A swamp drake (Swamp:3)
  A black bear (Lair:2)
  An ogre (Orc:1)
  4 wolves
  7 centaurs
  A gnoll sergeant (D:12)
  2 kobold brigands
  6 bullfrogs
  2 killer bees (Lair:2)
  3 electric eels
  3 jellies
  4 orc priests
  3 orc wizards
  A hell rat (Lair:3)
  A gnoll (D:12)
  11 orcs
  A kobold (D:9)
201 creatures vanquished.

Vanquished Creatures (others)
  4 orc knights
  An orc high priest (Swamp:3)
  2 orc sorcerers
  13 orc warriors
  A hound (D:4)
  6 orc priests
  3 orc wizards
  32 orcs
  A kobold (D:11)
  12 foxfires (Swamp:3)
  17 fungi
  12 plants
  3 starspawn tentacles (Swamp:3)
  27 withered plants (Lair:5)
134 creatures vanquished.

Grand Total: 796 creatures vanquished

Notes
Turn   | Place    | Note
-------+----------+-------------------------------------------
     0 | D:1      | Farfigtubin the Hill Orc Fighter began the quest for the
                  | Orb.
     0 | D:1      | Reached XP level 1. HP: 19/19 MP: 1/1
   202 | D:1      | Reached skill level 3 in Axes
   326 | D:2      | Reached XP level 2. HP: 9/27 MP: 2/2
   591 | D:2      | Reached XP level 3. HP: 33/33 MP: 3/3
   882 | D:2      | Noticed Natasha
   887 | D:2      | Killed Natasha
   888 | D:2      | Reached skill level 4 in Axes
   888 | D:2      | Reached XP level 4. HP: 21/40 MP: 4/4
  1950 | D:3      | Found a faded altar of an unknown god.
  1954 | D:3      | Found a broken altar of Ashenzari.
  2051 | D:3      | Reached skill level 5 in Axes
  2062 | D:3      | Reached XP level 5. HP: 46/47 MP: 5/5
  2112 | D:3      | Found a runed translucent gate.
  2113 | D:3      | Found a runed translucent gate.
  2118 | D:3      | Noticed javelincjr's ghost (amateur DjCj)
  2477 | D:3      | Found a runed translucent gate.
  2701 | D:3      | Identified the +1 spear "Grim Tooth" {speed, rC+}
  2900 | D:5      | Entered Level 5 of the Dungeon
  3147 | D:4      | Found a blossoming altar of Fedhas.
  3188 | D:4      | Found an ornate altar of the Wu Jian Council.
  3199 | D:4      | Noticed an ogre
  3216 | D:4      | Found Ditunos's Book Shoppe.
  3223 | D:4      | Killed an ogre
  3224 | D:4      | Reached skill level 5 in Fighting
  3224 | D:4      | Reached skill level 6 in Axes
  3224 | D:4      | Reached XP level 6. HP: 38/56 MP: 6/6
  3558 | D:4      | Reached skill level 5 in Shields
  3655 | D:4      | Became a worshipper of Beogh the Brigand
  3664 | D:4      | Reached skill level 7 in Axes
  3664 | D:4      | Reached XP level 7. HP: 24/61 MP: 7/7
  4326 | D:1      | Reached * piety under Beogh
  4418 | D:1      | Found a faded altar of an unknown god.
  4864 | D:5      | Noticed Sigmund
  4885 | D:5      | Killed Sigmund
  4886 | D:5      | Reached skill level 8 in Axes
  5169 | D:5      | Reached XP level 8. HP: 70/71 MP: 8/8
  5399 | D:5      | Found a staircase to the Ecumenical Temple.
  5414 | Temple   | Entered the Ecumenical Temple
  5836 | D:6      | Reached skill level 9 in Axes
  6049 | D:6      | Reached skill level 10 in Axes
  6361 | D:6      | Reached XP level 9. HP: 64/79 MP: 9/9
  6684 | D:6      | Reached ** piety under Beogh
  6685 | D:6      | Reached skill level 11 in Axes
  7293 | D:7      | Found a snail-covered altar of Cheibriados.
  7967 | D:6      | Reached skill level 12 in Axes
  8178 | D:7      | Found a bloodstained altar of Trog.
  8335 | D:8      | Found a staircase to the Lair.
  8914 | D:8      | Identified the +5 plate armour of the Ageless Lovers {+Inv
                  | Stlth+}
  8968 | D:8      | Reached XP level 10. HP: 87/91 MP: 10/10
  9001 | D:8      | Reached skill level 13 in Axes
  9064 | D:8      | Reached *** piety under Beogh
  9361 | D:8      | Noticed Maggie
  9370 | D:8      | Killed Maggie
  9684 | D:9      | Found a glowing golden altar of the Shining One.
  9735 | D:9      | Reached skill level 14 in Axes
  9757 | D:9      | Reached **** piety under Beogh
  9764 | D:9      | Reached skill level 5 in Armour
  9869 | D:9      | Noticed a two-headed ogre
  9874 | D:9      | Killed a two-headed ogre
  9875 | D:9      | Reached skill level 10 in Fighting
 10271 | D:9      | Reached XP level 11. HP: 95/99 MP: 11/11
 10522 | D:9      | Found a burning altar of Makhleb.
 10829 | D:10     | Entered Level 10 of the Dungeon
 10849 | D:10     | Reached skill level 15 in Axes
 10928 | D:10     | Found Futy's Assorted Antiques.
 10990 | D:10     | Found a shimmering blue altar of Sif Muna.
 11764 | D:10     | Noticed a two-headed ogre
 11770 | D:10     | Killed a two-headed ogre
 11948 | D:11     | Noticed a manticore
 12167 | D:11     | Identified the +1 quarterstaff "Jeybeum" {protect, +Blink}
 12183 | D:11     | Noticed a boulder beetle
 12197 | D:11     | Killed a boulder beetle
 12198 | D:11     | Reached skill level 10 in Shields
 12334 | D:11     | Killed a manticore
 12335 | D:11     | Reached skill level 16 in Axes
 12340 | D:11     | Found a staircase to the Orcish Mines.
 12780 | D:11     | Noticed a two-headed ogre
 12791 | D:11     | Killed a two-headed ogre
 13004 | Lair:1   | Entered Level 1 of the Lair of Beasts
 13081 | Lair:1   | Reached skill level 1 in Invocations
 13431 | Lair:1   | Noticed a four-headed hydra
 13436 | Lair:1   | Killed a four-headed hydra
 13437 | Lair:1   | Reached XP level 12. HP: 110/110 MP: 3/13
 13890 | Lair:2   | Found a gate leading to a gauntlet.
 13902 | Gauntlet | Entered a Gauntlet
 13902 | Gauntlet | Found a transporter.
 13902 | Gauntlet | Found a transporter.
 13906 | Gauntlet | Found a runed translucent door.
 13908 | Gauntlet | Found a transporter.
 13910 | Gauntlet | Found a transporter.
 13911 | Gauntlet | Found a transporter.
 13943 | Gauntlet | Noticed a death scarab
 13946 | Gauntlet | Noticed a death scarab
 13949 | Gauntlet | Found a transporter.
 13949 | Gauntlet | Found a transporter.
 13960 | Gauntlet | Noticed a ghost crab
 13963 | Gauntlet | Found a transporter.
 13976 | Gauntlet | Noticed a wretched star
 13978 | Gauntlet | Found a runed translucent gate.
 13979 | Gauntlet | Found a transporter.
 13979 | Gauntlet | Found a runed translucent gate.
 13980 | Gauntlet | Found a runed translucent gate.
 13988 | Gauntlet | Found a runed translucent door.
 13991 | Gauntlet | Found a transporter.
 13992 | Gauntlet | Found a runed translucent door.
 13996 | Gauntlet | Found a transporter.
 14029 | Gauntlet | Found a transporter.
 14034 | Gauntlet | Found a transporter.
 14061 | Gauntlet | Found a runed translucent door.
 14061 | Gauntlet | Found a runed translucent door.
 14117 | Gauntlet | Found a transporter.
 14234 | Lair:2   | Found a blossoming altar of Fedhas.
 14331 | Lair:2   | Found a hole to the Spider Nest.
 14541 | Lair:2   | Reached skill level 5 in Invocations
 14720 | Lair:2   | Noticed a six-headed hydra
 14725 | Lair:2   | Killed a six-headed hydra
 14902 | Lair:2   | Found a staircase to the Swamp.
 15462 | Lair:3   | Identified the ring "Dumucruo" {rElec rC+ rN+ AC+4 Stlth+}
 15844 | Lair:4   | Found a staircase to the Slime Pits.
 15844 | Lair:4   | Found a viscous altar of Jiyva.
 15847 | Lair:4   | Found the +3 Mad Mage's Maulers {Infuse+∞ RegenMP Int-3}
 15923 | Lair:4   | Reached XP level 13. HP: 111/119 MP: 18/18
 15927 | Lair:4   | Reached ***** piety under Beogh
 15969 | Lair:4   | Noticed Josephine
 15972 | Lair:4   | Killed Josephine
 15973 | Lair:4   | Reached skill level 10 in Armour
 16130 | Lair:4   | Found a dark tunnel.
 16142 | Volcano  | Entered a volcano
 16264 | Volcano  | Found a burning altar of Makhleb.
 16980 | Lair:5   | Entered Level 5 of the Lair of Beasts
 16993 | Lair:5   | Gained Korbok as an ally
 17256 | Lair:5   | Noticed Nessos
 17268 | Lair:5   | Killed Nessos
 17272 | Lair:5   | Your ally Korbok died
 17299 | Lair:5   | Gained Bogbarth as an ally
 17303 | Lair:5   | Gained Bogric as an ally
 17754 | Lair:5   | Noticed Urug
 17767 | Lair:5   | Killed Urug
 17852 | Lair:5   | Noticed a dire elephant
 17852 | Lair:5   | Noticed a dire elephant
 17852 | Lair:5   | Noticed a dire elephant
 17852 | Lair:5   | Noticed a dire elephant
 18092 | D:12     | Reached skill level 10 in Invocations
 18092 | D:12     | Reached XP level 14. HP: 121/133 MP: 0/21
 18673 | D:13     | Found a gate to the Vaults.
 18999 | D:13     | Gained Jorge as an ally
 19849 | Orc:1    | Entered Level 1 of the Orcish Mines
 19849 | Orc:1    | Noticed Maurice
 19859 | Orc:1    | Killed Maurice
 19861 | Orc:1    | Noticed an orc warlord
 19870 | Orc:1    | Killed an orc warlord
 19998 | Orc:1    | Noticed an orc warlord
 20003 | Orc:1    | Reached ****** piety under Beogh
 20009 | Orc:1    | Killed an orc warlord
 20010 | Orc:1    | Reached skill level 15 in Fighting
 20240 | Orc:1    | Found a roughly hewn altar of Beogh.
 21321 | Orc:2    | Entered Level 2 of the Orcish Mines
 21340 | Orc:2    | Found a staircase to the Elven Halls.
 21588 | Orc:2    | Found a roughly hewn altar of Beogh.
 21851 | Orc:2    | Gained Herok as an ally
 21858 | Orc:2    | Found Sempon's Distillery.
 21858 | Orc:2    | Found Muymedinn's Jewellery Emporium.
 21860 | Orc:2    | Found Tivvoss's Antique Weapon Shoppe.
 21862 | Orc:2    | Found Ziem's Antique Weapon Shop.
 22011 | Orc:2    | Bought a potion of degeneration for 14 gold pieces
 22011 | Orc:2    | Bought a potion of invisibility for 112 gold pieces
 22011 | Orc:2    | Bought 2 potions of curing for 84 gold pieces
 22587 | D:14     | Reached skill level 17 in Axes
 23332 | D:15     | Entered Level 15 of the Dungeon
 23397 | D:15     | Found a portal to a secret trove of treasure.
 23465 | D:15     | Reached XP level 15. HP: 141/141 MP: 0/23
 23672 | D:15     | Found a staircase to the Depths.
 24615 | Orc:2    | Bought a bloodstained whip for 195 gold pieces
 24615 | Orc:2    | Identified the +6 whip of the Genius {venom, rN+} (You
                  | bought it in a shop on level 2 of the Orcish Mines)
 25450 | Lair:5   | Reached skill level 15 in Armour
 25995 | Swamp:1  | Entered Level 1 of the Swamp
 26187 | Swamp:1  | Reached skill level 15 in Shields
 26633 | Swamp:2  | Noticed a thorn hunter
 26639 | Swamp:2  | Killed a thorn hunter
 27726 | Swamp:3  | Noticed Mlioglotl
 27739 | Swamp:3  | Noticed a tentacled starspawn
 27740 | Swamp:3  | Noticed a cacodemon
 27752 | Swamp:3  | Noticed a tentacled starspawn
 27753 | Swamp:3  | Gained mutation: You possess an exceptional clarity of
                  | mind. [a cacodemon]
 27754 | Swamp:3  | Killed Mlioglotl
 27755 | Swamp:3  | Your ally Bogric died
 27766 | Swamp:2  | Reached skill level 18 in Axes
 28200 | Swamp:3  | Reached XP level 16. HP: 146/151 MP: 25/25
 28971 | Swamp:4  | Entered Level 4 of the Swamp
 28971 | Swamp:4  | Noticed a thorn hunter
 28977 | Swamp:4  | Killed a thorn hunter
 29125 | Swamp:4  | HP: 7/151 [poison (poison gas)]
 29126 | Swamp:4  | Succumbed to poison (poison gas)

Illustrated notes

Levels and vault maps discovered:
D:1:      dpeg_arrival_water_fire, layout_basic,
          shapermc_ecumenical_altar_hornbeckon
D:2:      layout_basic, uniq_natasha
D:3:      layout_loops_ring, nicolae_overflow_ecumenical_swirl,
          gammafunk_ghost_split, nrook_mini_backslash, supply_closet_lemuel
D:4:      layout_loops_corners, mainiacjoe_overflow_boulevard,
          kennysheep_little_box, serial_shops, nicolae_shop_advertising_works
          [nicolae_subvault_shop_adworks]
D:5:      layout_cave_pods, minmay_temple_entry_statues_pillars,
          minmay_misc_feat_rugged, nicolae_figureground_sparkle, uniq_sigmund
D:6:      layout_loops_ring, grunt_decor_clamped, nicolae_zen_rock_garden
D:7:      layout_gridville, trog_hazing_becter, mainiacjoe_overflow_alcove_2
D:8:      minmay_octagon_keep, layout_cave_pools, erik_lair_orcish_takeover,
          serial_glass, glass_columns_a, glass_columns_c, uniq_maggie
D:9:      layout_long_grid, mainiacjoe_overflow_chevrons, tso_altar,
          disabler_island
D:10:     layout_layer_cave, nicolae_sif_muna_little_library, serial_shops,
          nicolae_shop_statue_plus
D:11:     layout_irregular_city, orc_0_dummy
D:12:     layout_cave_pools
D:13:     layout_roguey, lightli_vaults_fourway_checkpoint
D:14:     layout_basic, grunt_decor_cap
D:15:     hangedman_depths_entry_civil_slaughter, layout_grid_maze,
          nicolae_trove_entry_columns, hellmonk_bongcloud_opening
Temple:   eino_narrow_crystal_temple
Lair:1:   layout_chaotic_city, serial_bayou_shore_a, infiniplex_staircase_pool
Lair:2:   nzn_winding_woodlands_three_and_one
          [nzn_winding_woodlands_5x15_default, nzn_winding_woodlands_5x15_pool,
          nzn_winding_woodlands_5x15_crooked,
          nzn_winding_woodlands_center_lodge], layout_concentric_octagons,
          nicolae_swamp_entry_splash_gauntlet,
          hellmonk_spider_entry_not_the_bees, gauntlet_entry_generic,
          basic_altar, minivault_11, beast_lair_carwin_6
Lair:3:   layout_roguey, worms_lemuel
Lair:4:   layout_long_grid, minmay_slime_entry_pillars, enter_volcano_1,
          minmay_stone_trees_small, grunt_megastairs_3, uniq_josephine
Lair:5:   due_jungle_book, layout_big_grid, grunt_megastairs_5, uniq_urug,
          uniq_nessos
Swamp:1:  layout_basic_swamp, nicolae_swamp_round_clearing
Swamp:2:  layout_basic_swamp, evilmike_swamp_ruin_house_4, swamp_pool4
Swamp:3:  layout_basic_swamp, nicolae_swamp_orc_logging_accident, uniq_mlioglotl
Swamp:4:  swamp_basic_johnstein, layout_basic_swamp, swamp_pool2, uniq_kirke
Orc:1:    layout_diamond_mine, basic_altar, mines2_lemuel, uniq_maurice
Orc:2:    st_orc_rangers, layout_diamond_mine, special_room, mines2_david

Skill      XL: |  1  2  3  4  5  6  7  8  9 10 11 12 13 14 15 16 |
---------------+-------------------------------------------------+-----
Axes           | 3 4 5 6 7 8 10 12 14 16 17 18 | 18.0
Fighting       | 4 5 6 7 9 10 11 12 14 15 16 | 16.4
Shields        | 4 5 6 8 9 10 11 13 14 15 16 | 16.0
Armour         | 5 7 9 12 14 16 | 16.5
Invocations    | 2 7 10 11 13 | 13.5

Action                   |  1- 3 |  4- 6 |  7- 9 | 10-12 | 13-15 | 16-18 || total
-------------------------+-------+-------+-------+-------+-------+-------++-------
Melee: War axe           |    77 |   178 |   372 |   401 |   195 |       ||  1223
       Broad axe         |       |       |       |       |   549 |    55 ||   604
Throw: Dart              |       |     4 |     6 |     2 |       |       ||    12
       Javelin           |       |       |       |       |     2 |       ||     2
Invok: Convert to Beogh  |       |     1 |       |       |       |       ||     1
       Smiting           |       |       |       |     7 |     9 |     3 ||    19
       Recall Orcish Fol |       |       |       |     1 |     4 |     1 ||     6
       Stop Recall       |       |       |       |     1 |     2 |     1 ||     4
       Give Item to Name |       |       |       |       |     1 |       ||     1
Evoke: Wand              |       |       |       |     2 |    10 |       ||    12
  Use: Scroll            |       |       |     4 |     3 |    14 |       ||    21
       Potion            |       |       |       |     2 |    12 |     4 ||    18
 Stab: Distracted        |       |       |       |     2 |    11 |     1 ||    14
       Confused          |       |       |       |     1 |       |       ||     1
       Paralysed         |       |       |       |     7 |     4 |       ||    11
       Invisible         |       |       |       |       |     1 |       ||     1
Armor: Scale mail        |    33 |    63 |    94 |       |       |       ||   190
       Plate armour      |       |       |     1 |   167 |   440 |    78 ||   686
Dodge: Dodged            |    31 |    58 |    54 |    35 |   121 |    21 ||   320
Block: Buckler           |    21 |    85 |    30 |       |       |       ||   136
       Tower shield      |       |       |   326 |   414 |   872 |   102 ||  1714
       Reflection        |       |       |    14 |    14 |    73 |     2 ||   103
